 Dungeon Crawl Stone Soup version 0.28.0-47-ge53b351184 (webtiles) character file.

Game seed: 983696560645566637

101 Allula97 the Sneak (level 4, 0/34 HPs)
             Began as a Demonspawn Brigand on May 5, 2022.
             Killed by divine providence
             ... invoked by an orc priest
              (10 damage)
             ... on level 2 of the Dungeon.
             The game lasted 00:03:14 (1671 turns).

Allula97 the Sneak (Demonspawn Brigand)             Turns: 1671, Time: 00:03:15

Health: 0/34       AC:  3    Str: 12    XL:     4   Next: 48%
Magic:  4/4        EV: 12    Int: 12    God:
Gold:   82         SH:  0    Dex: 16    Spells: 3/3 levels left

rFire   . . .      SeeInvis .   a - +2 dagger
rCold   . . .      Faith    .   (no shield)
rNeg    . . .      Spirit   .   b - +0 robe
rPois   .          Reflect  .   (no helmet)
rElec   .          Harm     .   c - +0 cloak
rCorr   .          Rampage  .   (no gloves)
Will    .....                   (no boots)
Stlth   +.........              (no amulet)
HPRegen 0.11/turn               (no ring)
MPRegen 0.09/turn               (no ring)

@: confused, ambrosia-drunk
A: powered by death 1
a: no special abilities


You were on level 2 of the Dungeon.
You visited 1 branch of the dungeon, and saw 2 of its levels.

You collected 82 gold pieces.

Inventory:

Hand Weapons
 a - a +2 dagger (weapon)
 j - a +0 rapier
Missiles
 d - 8 poisoned darts (quivered)
 e - 2 curare-tipped darts
Armour
 b - a +0 robe (worn)
 c - a +0 cloak (worn)
Scrolls
 f - 2 scrolls of identify
Potions
 g - a potion of ambrosia


   Skills:
 * Level 2.4 Fighting
 * Level 2.3 Short Blades
 - Level 1.7 Throwing
 * Level 1.1 Armour
 * Level 1.6 Dodging
 * Level 4.6 Stealth


You had 3 spell levels left.
You didn't know any spells.
Your spell library contained the following spells:

 Spells                   Type           Power      Damage    Failure   Level
 Beastly Appendage        Tmut           0%         N/A       32%         1
 Wereblood                Tmut           0%         N/A       45%         2
 Spider Form              Tmut/Pois      0%         N/A       69%         3


Dungeon Overview and Level Annotations

Branches:
Dungeon (2/15)

Altars:


Innate Abilities, Weirdness & Mutations

You regenerate a little health from kills.


Message History

The orc closely misses you.
You hit the orc but do no damage. The orc barely misses you.
You barely miss the orc. The orc closely misses you.
You hit the orc.
The orc is lightly wounded.
The orc hits you with a +0 trident.
You barely miss the orc.
The orc is lightly wounded.
The orc barely misses you.
You barely miss the orc.
The orc is lightly wounded.
The orc closely misses you.
You barely miss the orc.
The orc is lightly wounded.
The orc closely misses you.
The orc shouts!
You hit the orc.
The orc is moderately wounded.
You hit the orc.
The orc is heavily wounded.
The orc hits you with a +0 trident.
You hit the orc but do no damage.
The orc is heavily wounded.
You hit the giant cockroach.
The giant cockroach is moderately wounded.
The orc hits you with a +0 trident. The giant cockroach barely misses you.
The orc priest mumbles some strange prayers to Beogh against you.
Beogh smites you! The orc hits you with a +0 trident!
* * * LOW HITPOINT WARNING * * *
You hear a shout!
The orc closely misses you.
The giant cockroach bites you but does no damage.
Okay, then.
You are confused.
You feel invigorated. The orc hits you with a +0 dagger.
The giant cockroach bites you.
* * * LOW HITPOINT WARNING * * *
The orc priest mumbles some strange prayers to Beogh against you.
Beogh smites you!
You die...

##..........## ##
##.........).(## ...
#..............#
....#..............#
...................#
...................#
...................#
....##....g.......##
... #....o@.....##
.....##B.#####
...##.###o#
.g...##o###.###
.....#.....o..#
.####..##.#.#..# ...
#.#.#....# .
......#### #..#.###


You could see an orc priest, 2 orcs, a giant cockroach and a hobgoblin.

Vanquished Creatures
  A hound (D:2)
  2 adders (D:2)
  A worm (D:2)
  A dart slug (D:2)
  An orc (D:2)
  3 ball pythons
  4 bats (D:1)
  4 endoplasms
  6 giant cockroaches
  6 goblins
  3 hobgoblins (D:1)
  2 kobolds
  2 quokkas (D:1)
  4 frilled lizards (D:1)
  3 rats (D:1)
43 creatures vanquished.

Notes
Turn   | Place    | Note
-------+----------+-------------------------------------------
     0 | D:1      | Allula97 the Demonspawn Brigand began the quest for the
                  | Orb.
     0 | D:1      | Reached XP level 1. HP: 16/16 MP: 1/1
    70 | D:1      | Reached skill level 1 in Dodging
   133 | D:1      | Gained mutation: You regenerate a little health from kills.
                  | [demonic ancestry]
   133 | D:1      | Reached XP level 2. HP: 22/22 MP: 2/2
   138 | D:1      | Reached skill level 4 in Stealth
   587 | D:1      | Reached XP level 3. HP: 27/27 MP: 3/3
  1133 | D:2      | Found a faded altar of an unknown god.
  1141 | D:2      | Reached skill level 1 in Armour
  1141 | D:2      | Reached XP level 4. HP: 34/34 MP: 4/4
  1671 | D:2      | Killed from afar by an orc priest

Illustrated notes

Levels and vault maps discovered:
D:1:      denvon_arrival_planthouse, layout_basic, minmay_strange_pillars
D:2:      layout_rooms, shapermc_ecumenical_altar_mp_ritualfount,
          kennysheep_generic_room_10

Skill      XL: |  1  2  3 |
---------------+----------+-----
Dodging        | 1 |  1.6
Stealth        | 4 |  4.6
Short Blades   | 2 |  2.3
Armour         | 1 |  1.1
Fighting       | |  2.4
Throwing       | |  1.7

Action                   |  1- 3 |  4- 6 || total
-------------------------+-------+-------++-------
Melee: Dagger            |   111 |    53 ||   164
  Use: Scroll            |       |     4 ||     4
       Potion            |       |     1 ||     1
 Stab: Sleeping          |    10 |     3 ||    13
       Distracted        |       |     1 ||     1
Armor: Robe              |    24 |     4 ||    28
Dodge: Dodged            |    63 |    16 ||    79
